| TOP OF THE 1ST |
|
Trois-Riveres Aigles batting - Pitching for York Revolution : RHP Jordan Lopez
|
|
Pitching: RHP Jordan Lopez
|
|
|
Batting: RHB Luis Jara
|
0-0: Bunted foul 0-1: Fly out, F7 (Flyball, 7, EV 88.1 MPH)
|
|
Batting: RHB Sandoval Serzedelo
|
0-0: Foul Ball, location: 2F 0-1: Ground out 1-3 (Groundball, P, EV 71.9 MPH)
|
|
Batting: RHB Toshikatsu Omori
|
0-0: Ball 1-0: Fly out, F7 (Flyball, 7D, EV 95.6 MPH)
|
| Top of the 1st over - 0 runs, 0 hits, 0 errors, 0 left on base; Trois-Riveres 0 - York 0 |
| BOTTOM OF THE 1ST |
|
York Revolution batting - Pitching for Trois-Riveres Aigles : RHP Juan Osorio
|
|
Pitching: RHP Juan Osorio
|
|
|
Batting: RHB Eddie Serna
|
0-0: Foul Ball, location: 2F 0-1: Foul Ball, location: 2F 0-2: SINGLE (Line Drive, 8RS, EV 87.5 MPH)
|
|
Batting: LHB Dennis French
|
0-0: Foul Ball, location: 2F 0-1: Ball 1-1: Fielders Choice at 2nd, 4-6 (Groundball, 4, EV 97.5 MPH)
|
|
Batting: LHB Mike Hawk
|
0-0: SINGLE (Line Drive, 5D, EV 94.4 MPH) Dennis French to second
|
|
Batting: LHB Jean-Claude Vanbiesbrouck
|
0-0: Foul Ball, location: 2F 0-1: Foul Ball, location: 2F 0-2: Ball 1-2: 3-RUN HOME RUN (Flyball, 9D, EV 95.6 MPH), Distance : 371 ft
|
|
Batting: RHB Juan Gonzalez
|
0-0: Swinging Strike 0-1: Ball 1-1: Ball 2-1: Foul Ball, location: 2F 2-2: Strikes out swinging
|
|
Batting: LHB Ryan Young
|
0-0: Fly out, F9 (Flyball, 9D, EV 105.6 MPH)
|
| Bottom of the 1st over - 3 runs, 3 hits, 0 errors, 0 left on base; Trois-Riveres 0 - York 3 |
| TOP OF THE 2ND |
|
Trois-Riveres Aigles batting - Pitching for York Revolution : RHP Jordan Lopez
|
|
Batting: SHB Derek Weaver
|
0-0: Foul Ball, location: 2F 0-1: Ball 1-1: Swinging Strike 1-2: Ball 2-2: Foul Ball, location: 2F 2-2: DOUBLE (Line Drive, 78XD, EV 102.5 MPH)
|
|
Batting: RHB Chris Davis
|
0-0: Ground out 6-3 (Groundball, 6, EV 103.8 MPH)
|
|
Batting: RHB Micah Logan
|
0-0: Swinging Strike 0-1: Fly out, F9 (Line Drive, 9S, EV 108.8 MPH)
|
|
Batting: LHB Ian Cranton
|
0-0: Ball 1-0: Ball 2-0: Foul Ball, location: 2F 2-1: Foul Ball, location: 2F 2-2: Ball 3-2: Strikes out looking
|
| Top of the 2nd over - 0 runs, 1 hit, 0 errors, 1 left on base; Trois-Riveres 0 - York 3 |
| BOTTOM OF THE 2ND |
|
York Revolution batting - Pitching for Trois-Riveres Aigles : RHP Juan Osorio
|
|
Batting: RHB Dan Shaffer
|
0-0: Called Strike 0-1: Ball 1-1: Foul Ball, location: 2F 1-2: Foul Ball, location: 2F 1-2: Ball 2-2: SOLO HOME RUN (Flyball, 89XD, EV 108.8 MPH), Distance : 402 ft
|
|
Batting: LHB Quincy Smart
|
0-0: Called Strike 0-1: Ground out 4-3 (Groundball, 4S, EV 88.1 MPH)
|
|
Batting: RHB Nick Maxwell
|
0-0: Called Strike 0-1: Ground out 3-1 (Groundball, 34, EV 109.4 MPH)
|
|
Batting: RHB Eddie Serna
|
0-0: Ball 1-0: Fly out, F4 (Line Drive, 4MD, EV 63.8 MPH)
|
| Bottom of the 2nd over - 1 run, 1 hit, 0 errors, 0 left on base; Trois-Riveres 0 - York 4 |
| TOP OF THE 3RD |
|
Trois-Riveres Aigles batting - Pitching for York Revolution : RHP Jordan Lopez
|
|
Batting: RHB Willie Acevedo
|
0-0: Ball 1-0: Ball 2-0: Foul Ball, location: 2F 2-1: Foul Ball, location: 2F 2-2: Ground out 5-3 (Groundball, 56S, EV 91.9 MPH)
|
|
Batting: RHB Ben Saxton
|
0-0: Ball 1-0: Swinging Strike 1-1: Called Strike 1-2: SINGLE (Groundball, 56, EV 80.0 MPH) (infield hit)
|
|
Batting: RHB Luis Jara
|
0-0: Fly out, F9 (Flyball, 9LM, EV 89.4 MPH)
|
|
Batting: RHB Sandoval Serzedelo
|
0-0: Called Strike 0-1: 2-RUN HOME RUN (Flyball, 7LD, EV 93.1 MPH), Distance : 345 ft
|
|
Batting: RHB Toshikatsu Omori
|
0-0: Ball 1-0: Ball 2-0: Ball 3-0: Called Strike 3-1: Called Strike 3-2: Base on Balls
|
|
Batting: SHB Derek Weaver
|
0-0: Foul Ball, location: 2F 0-1: Called Strike 0-2: Strikes out swinging
|
| Top of the 3rd over - 2 runs, 2 hits, 0 errors, 1 left on base; Trois-Riveres 2 - York 4 |
| BOTTOM OF THE 3RD |
|
York Revolution batting - Pitching for Trois-Riveres Aigles : RHP Juan Osorio
|
|
Batting: LHB Dennis French
|
0-0: Called Strike 0-1: Ball 1-1: Foul Ball, location: 2F 1-2: Ball 2-2: Foul Ball, location: 2F 2-2: Reached via error on a dropped throw from 1B, E1 (Groundball, 34S, EV 81.9 MPH)
|
|
Batting: LHB Mike Hawk
|
0-0: Ball 1-0: Ball 2-0: Ball 3-0: Base on Balls Dennis French to second
|
|
Batting: LHB Jean-Claude Vanbiesbrouck
|
0-0: Ball 1-0: Called Strike 1-1: Ball 2-1: SINGLE (Groundball, 13S, EV 66.2 MPH) (infield hit) Dennis French to third Mike Hawk to second
|
|
Batting: RHB Juan Gonzalez
|
0-0: Called Strike 0-1: DOUBLE (Groundball, 5L, EV 107.5 MPH) Dennis French scores Mike Hawk scores Jean-Claude Vanbiesbrouck to third
|
|
Pitching: RHP Jonathan Holland
|
|
|
Batting: LHB Ryan Young
|
0-0: Called Strike 0-1: 3-RUN HOME RUN (Flyball, 9LD, EV 96.2 MPH), Distance : 354 ft
|
|
Batting: RHB Dan Shaffer
|
0-0: Ball 1-0: Called Strike 1-1: Foul Ball, location: 2F 1-2: Ball 2-2: Ground out 6-3 (Groundball, 6S, EV 86.2 MPH)
|
|
Batting: LHB Quincy Smart
|
0-0: Hit by Pitch
|
|
Batting: RHB Nick Maxwell
|
0-0: Called Strike 0-1: Called Strike 0-2: Strikes out swinging
|
|
Batting: RHB Eddie Serna
|
0-0: Ball 1-0: Ball 2-0: Foul Ball, location: 2F 2-1: DOUBLE (Line Drive, 9LM, EV 106.9 MPH) Quincy Smart to third
|
|
Batting: LHB Dennis French
|
0-0: Called Strike 0-1: Called Strike 0-2: Ball 1-2: Ball 2-2: Ball 3-2: Base on Balls
|
|
Batting: LHB Mike Hawk
|
0-0: Ball 1-0: Foul Ball, location: 2F 1-1: Fly out, F9 (Line Drive, 9, EV 90.0 MPH)
|
| Bottom of the 3rd over - 5 runs, 4 hits, 1 error, 3 left on base; Trois-Riveres 2 - York 9 |
| TOP OF THE 4TH |
|
Trois-Riveres Aigles batting - Pitching for York Revolution : RHP Jordan Lopez
|
|
Batting: RHB Chris Davis
|
0-0: Called Strike 0-1: Called Strike 0-2: Ball 1-2: Ball 2-2: Strikes out swinging
|
|
Batting: RHB Micah Logan
|
0-0: Ball 1-0: Ball 2-0: Foul Ball, location: 2F 2-1: Foul Ball, location: 2F 2-2: Fly out, F9 (Line Drive, 9LM, EV 86.2 MPH)
|
|
Batting: LHB Ian Cranton
|
0-0: Ball 1-0: Fly out, F9 (Flyball, 9LS, EV 73.8 MPH)
|
| Top of the 4th over - 0 runs, 0 hits, 0 errors, 0 left on base; Trois-Riveres 2 - York 9 |
| BOTTOM OF THE 4TH |
|
York Revolution batting - Pitching for Trois-Riveres Aigles : RHP Jonathan Holland
|
|
Batting: LHB Jean-Claude Vanbiesbrouck
|
0-0: Called Strike 0-1: Ball 1-1: Ball 2-1: Ball 3-1: Fly out, F9 (Flyball, 9S, EV 98.8 MPH)
|
|
Batting: RHB Juan Gonzalez
|
0-0: Ball 1-0: Ball 2-0: Swinging Strike 2-1: Foul Ball, location: 2F 2-2: Ball 3-2: SOLO HOME RUN (Flyball, 89XD, EV 96.9 MPH), Distance : 396 ft
|
|
Batting: LHB Ryan Young
|
0-0: Swinging Strike 0-1: Ball 1-1: Swinging Strike 1-2: Strikes out swinging
|
|
Batting: RHB Dan Shaffer
|
0-0: Ball 1-0: Ball 2-0: Foul Ball, location: 2F 2-1: Foul Ball, location: 2F 2-2: Foul Ball, location: 2F 2-2: Strikes out swinging
|
| Bottom of the 4th over - 1 run, 1 hit, 0 errors, 0 left on base; Trois-Riveres 2 - York 10 |
| TOP OF THE 5TH |
|
Trois-Riveres Aigles batting - Pitching for York Revolution : RHP Jordan Lopez
|
|
Batting: RHB Willie Acevedo
|
0-0: Foul Ball, location: 2F 0-1: Ball 1-1: SOLO HOME RUN (Line Drive, 7D, EV 96.9 MPH), Distance : 382 ft
|
|
Batting: RHB Ben Saxton
|
0-0: Swinging Strike 0-1: Ball 1-1: Ball 2-1: Called Strike 2-2: Strikes out swinging
|
|
Batting: RHB Luis Jara
|
0-0: Swinging Strike 0-1: Ground out 5-3 (Groundball, 56, EV 102.5 MPH)
|
|
Batting: RHB Sandoval Serzedelo
|
0-0: Fly out, F6 (Popup, 6, EV 78.1 MPH)
|
| Top of the 5th over - 1 run, 1 hit, 0 errors, 0 left on base; Trois-Riveres 3 - York 10 |
| BOTTOM OF THE 5TH |
|
York Revolution batting - Pitching for Trois-Riveres Aigles : RHP Jonathan Holland
|
|
Batting: LHB Quincy Smart
|
0-0: SINGLE (Flyball, 7LS, EV 88.1 MPH)
|
|
Batting: RHB Nick Maxwell
|
0-0: Called Strike 0-1: Ball 1-1: Ball 2-1: Ball 3-1: Foul Ball, location: 2F 3-2: Base on Balls Quincy Smart to second
|
|
Batting: RHB Eddie Serna
|
0-0: Swinging Strike 0-1: Ball 1-1: Foul Ball, location: 2F 1-2: Foul Ball, location: 2F 1-2: Strikes out looking
|
|
Batting: LHB Dennis French
|
0-0: Ball 1-0: Ball 2-0: Foul Ball, location: 2F 2-1: Foul Ball, location: 2F 2-2: Fly out, F7 (Flyball, 7S, EV 90.0 MPH)
|
|
Batting: LHB Mike Hawk
|
0-0: Ball 1-0: Foul Ball, location: 2F 1-1: Ball 2-1: SINGLE (Groundball, 6S, EV 70.0 MPH) (infield hit) Quincy Smart to third Nick Maxwell to second
|
|
Batting: LHB Jean-Claude Vanbiesbrouck
|
0-0: Called Strike 0-1: Ball 1-1: Ball 2-1: Foul Ball, location: 2F 2-2: Ball 3-2: Foul Ball, location: 2F 3-2: Base on Balls Quincy Smart scores Nick Maxwell to third Mike Hawk to second
|
|
Batting: RHB Juan Gonzalez
|
0-0: Ball 1-0: Foul Ball, location: 2F 1-1: Ball 2-1: Ball 3-1: Base on Balls Nick Maxwell scores Mike Hawk to third Jean-Claude Vanbiesbrouck to second
|
|
Pitching: LHP Frank Hopkins
|
|
|
Batting: LHB Ryan Young
|
0-0: Ball 1-0: Fly out, F9 (Flyball, 9S, EV 91.2 MPH)
|
| Bottom of the 5th over - 2 runs, 2 hits, 0 errors, 3 left on base; Trois-Riveres 3 - York 12 |
| TOP OF THE 6TH |
|
Trois-Riveres Aigles batting - Pitching for York Revolution : RHP Jordan Lopez
|
|
Batting: RHB Toshikatsu Omori
|
0-0: Swinging Strike 0-1: Swinging Strike 0-2: SINGLE (Line Drive, 9LS, EV 93.8 MPH)
|
|
Batting: SHB Derek Weaver
|
0-0: Foul Ball, location: 2F 0-1: Ball 1-1: SINGLE (Line Drive, 7LS, EV 90.6 MPH) Toshikatsu Omori to second
|
|
Batting: RHB Chris Davis
|
0-0: Ball 1-0: Foul Ball, location: 2F 1-1: Ball 2-1: Foul Ball, location: 2F 2-2: Foul Ball, location: 2F 2-2: Fly out, F7 (Line Drive, 7, EV 93.1 MPH)
|
|
Batting: RHB Micah Logan
|
0-0: Foul Ball, location: 2F 0-1: Swinging Strike 0-2: Ball 1-2: Fly out, F8 (Flyball, 89M, EV 80.6 MPH)
|
|
Pitching: LHP Josh Schmidt
|
|
|
Batting: LHB Ian Cranton
|
0-0: Foul Ball, location: 2F 0-1: Foul Ball, location: 2F 0-2: Ball 1-2: Ball 2-2: SINGLE (Line Drive, 4D, EV 98.8 MPH) Toshikatsu Omori to third Derek Weaver to second Runner from 3rd tries for Home, SAFE, throw by CF to home
|
|
Batting: RHB Willie Acevedo
|
0-0: Ball 1-0: Foul Ball, location: 2F 1-1: Swinging Strike 1-2: Strikes out swinging
|
| Top of the 6th over - 1 run, 3 hits, 0 errors, 2 left on base; Trois-Riveres 4 - York 12 |
| BOTTOM OF THE 6TH |
|
York Revolution batting - Pitching for Trois-Riveres Aigles : LHP Frank Hopkins
|
|
Batting: RHB Dan Shaffer
|
0-0: Ball 1-0: Ball 2-0: Called Strike 2-1: SINGLE (Line Drive, 6MD, EV 93.8 MPH)
|
|
Batting: LHB Quincy Smart
|
0-0: Fly out, F7 (Flyball, 7S, EV 75.0 MPH)
|
|
Batting: RHB Nick Maxwell
|
0-0: Ball 1-0: Ball 2-0: Called Strike 2-1: Foul Ball, location: 2F 2-2: Ball 3-2: Grounds into double play, 4-6-3 (Groundball, 4M, EV 83.8 MPH)
|
| Bottom of the 6th over - 0 runs, 1 hit, 0 errors, 0 left on base; Trois-Riveres 4 - York 12 |
| TOP OF THE 7TH |
|
Trois-Riveres Aigles batting - Pitching for York Revolution : LHP Josh Schmidt
|
|
Batting: RHB Ben Saxton
|
0-0: Fly out, F4 (Line Drive, 4, EV 55.6 MPH)
|
|
Batting: RHB Luis Jara
|
0-0: Fly out, F7 (Flyball, 7, EV 81.9 MPH)
|
|
Batting: RHB Sandoval Serzedelo
|
0-0: Foul Ball, location: 2F 0-1: Ball 1-1: Foul Ball, location: 2F 1-2: Ball 2-2: Strikes out swinging
|
| Top of the 7th over - 0 runs, 0 hits, 0 errors, 0 left on base; Trois-Riveres 4 - York 12 |
| BOTTOM OF THE 7TH |
|
York Revolution batting - Pitching for Trois-Riveres Aigles : LHP Frank Hopkins
|
|
Batting: RHB Eddie Serna
|
0-0: Called Strike 0-1: Foul Ball, location: 2F 0-2: Strikes out looking
|
|
Batting: LHB Dennis French
|
0-0: Ball 1-0: Ball 2-0: Ground out 4-3 (Groundball, 34, EV 79.4 MPH)
|
|
Batting: LHB Mike Hawk
|
0-0: Ball 1-0: Called Strike 1-1: Foul Ball, location: 2F 1-2: Strikes out swinging
|
| Bottom of the 7th over - 0 runs, 0 hits, 0 errors, 0 left on base; Trois-Riveres 4 - York 12 |
| TOP OF THE 8TH |
|
Trois-Riveres Aigles batting - Pitching for York Revolution : LHP Josh Schmidt
|
|
Batting: RHB Toshikatsu Omori
|
0-0: Ball 1-0: Foul Ball, location: 2F 1-1: Swinging Strike 1-2: Ball 2-2: Ball 3-2: Strikes out swinging
|
|
Batting: SHB Derek Weaver
|
0-0: Ball 1-0: Foul Ball, location: 2F 1-1: SINGLE (Groundball, 34D, EV 110.0 MPH)
|
|
Batting: RHB Chris Davis
|
0-0: Called Strike 0-1: Fly out, F9 (Flyball, 9D, EV 105.0 MPH)
|
|
Batting: RHB Micah Logan
|
0-0: Ball 1-0: Foul Ball, location: 2F 1-1: Foul Ball, location: 2F 1-2: Ball 2-2: Strikes out looking
|
| Top of the 8th over - 0 runs, 1 hit, 0 errors, 1 left on base; Trois-Riveres 4 - York 12 |
| BOTTOM OF THE 8TH |
|
York Revolution batting - Pitching for Trois-Riveres Aigles : LHP Frank Hopkins
|
|
Batting: LHB Jean-Claude Vanbiesbrouck
|
0-0: Called Strike 0-1: Called Strike 0-2: Ball 1-2: Ball 2-2: Ball 3-2: SOLO HOME RUN (Flyball, 7LD, EV 93.8 MPH), Distance : 337 ft
|
|
Batting: RHB Juan Gonzalez
|
0-0: Swinging Strike 0-1: Ball 1-1: Called Strike 1-2: SINGLE (Groundball, 56D, EV 100.6 MPH)
|
|
Batting: LHB Ryan Young
|
0-0: Foul Ball, location: 2F 0-1: Ball 1-1: Ball 2-1: 2-RUN HOME RUN (Flyball, 9LD, EV 95.6 MPH), Distance : 351 ft
|
|
Batting: RHB Dan Shaffer
|
0-0: Called Strike 0-1: Ball 1-1: Ground out 5-3 (Groundball, 56, EV 89.4 MPH)
|
|
Batting: LHB Quincy Smart
|
0-0: Fly out, F8 (Flyball, 78M, EV 83.8 MPH)
|
|
Batting: RHB Nick Maxwell
|
0-0: Ground out 6-3 (Groundball, 6, EV 80.6 MPH)
|
| Bottom of the 8th over - 3 runs, 3 hits, 0 errors, 0 left on base; Trois-Riveres 4 - York 15 |
| TOP OF THE 9TH |
|
Trois-Riveres Aigles batting - Pitching for York Revolution : LHP Josh Schmidt
|
|
Batting: LHB Ian Cranton
|
0-0: Called Strike 0-1: Ball 1-1: Foul Ball, location: 2F 1-2: Ball 2-2: Foul Ball, location: 2F 2-2: Ball 3-2: DOUBLE (Line Drive, 78XD, EV 100.0 MPH)
|
|
Pitching: RHP Robert Chauvel
|
|
|
Pinch Hitting: LHB Jonathan Watt
|
0-0: Called Strike 0-1: Called Strike 0-2: Ball 1-2: Ball 2-2: Ball 3-2: Foul Ball, location: 2F 3-2: Base on Balls
|
|
Pinch Hitting: RHB Gabe Wilcoxon
|
0-0: Called Strike 0-1: Called Strike 0-2: Ball 1-2: Ball 2-2: Strikes out looking
|
|
Pinch Hitting: RHB Joel Wittmier
|
0-0: Ball 1-0: Called Strike 1-1: Fielders Choice at 2nd, 4-6 (Groundball, 4, EV 85.0 MPH) Ian Cranton to third
|
|
Pinch Hitting: RHB Roy Johnson
|
0-0: Hit by Pitch Joel Wittmier to second
|
|
Batting: RHB Toshikatsu Omori
|
0-0: Called Strike 0-1: Ball 1-1: Ball 2-1: Ball 3-1: SINGLE (Groundball, 6M, EV 95.6 MPH) (infield hit) Ian Cranton scores Joel Wittmier to third Roy Johnson to second
|
|
Batting: SHB Derek Weaver
|
0-0: Called Strike 0-1: Ball 1-1: Fielders Choice at 2nd, 5-4 (Groundball, 56, EV 84.4 MPH)
|
| Top of the 9th over - 1 run, 2 hits, 0 errors, 3 left on base; Trois-Riveres 5 - York 15 |
|